Map: [ESL] Royal Blood

Players

Neeb

  • Race: Protoss Protoss
  • League: Diamond

Oliveira - Winner!

  • Race: Terran Terran

Event: IEM Katowice 2023

VOD

Have the link to the VOD?

Description

Time

  • Played on: Feb. 10, 2023, 8:44 a.m.
  • Length: 8:47

All games in this series

Show
View Real Time Build Order
Export as new Build Order

Neeb Protoss 

Build Orders: 1 Gate Expand, Oracle Opening 

Get SALT Encoding   

  12  0:01  Probe  
  13  0:13  Probe  
  14  0:16  Pylon  
  14  0:25  Probe (Chrono Boost)  
  15  0:38  Gateway, Probe (Chrono Boost)  
  16  0:45  Probe (Chrono Boost)  
  16  0:46  Assimilator  
  17  0:52  Probe  
  18  1:04  Probe  
  19  1:16  Probe  
  20  1:22  Nexus  
  20  1:32  Cybernetics Core  
  20  1:35  Probe  
  20  1:39  Assimilator  
  21  1:47  Probe  
  21  1:49  Pylon  
  22  1:59  Probe (Chrono Boost)  
  23  2:03  Pylon  
  23  2:05  Adept (Chrono Boost)  
  26  2:09  Probe (Chrono Boost)  
  26  2:14  Probe (Chrono Boost)  
  26  2:20  Stargate  
  27  2:25  Probe  
  28  2:30  Adept  
  28  2:34  Probe  
  28  2:36  Warp Gate  
  31  2:39  Probe  
  32  2:46  Probe  
  33  2:51  Probe  
  35  2:58  Probe  
  35  3:00  Adept  
  35  3:04  Oracle (Chrono Boost)  
  37  3:05  Probe  
  39  3:13  Probe  
  40  3:20  Gateway, Probe  
  40  3:22  Gateway  
  40  3:25  Probe  
  42  3:31  Oracle (Chrono Boost)  
  42  3:32  Probe  
  43  3:38  Probe  
  47  3:44  Probe  
  46  3:50  Probe  
  46  3:54  Pylon  
  47  3:56  Probe  
  47  4:01  Nexus  
  47  4:02  Probe  
  49  4:05  Pylon  
  49  4:12  Probe  
  49  4:16  Probe  
  49  4:17  Pylon  
  48  4:18  Assimilator  
  48  4:24  Stalker x3  
  48  4:28  Assimilator  
  48  4:31  Probe x2  
  56  4:34  Shield Battery  
  56  4:42  Robotics Facility  
  56  4:44  Probe x2  
  58  4:48  Stalker  
  58  4:49  Stalker  
  60  5:02  Stalker  
  53  5:10  Probe  
  53  5:12  Stalker x2  
  57  5:14  Probe  
  57  5:15  Probe  
  58  5:22  Probe  
  59  5:31  Probe, Immortal (Chrono Boost)  
  58  5:35  Stalker x3  
  58  5:37  Shield Battery  
  58  5:38  Probe  
  58  5:39  Probe  
  66  5:43  Probe (Chrono Boost)  
  66  5:50  Probe (Chrono Boost)  
  66  5:51  Probe (Chrono Boost), Twilight Council  
  69  5:57  Probe (Chrono Boost)  
  69  6:01  Probe x2 (Chrono Boost)  
  69  6:03  Probe (Chrono Boost), Observer  
  69  6:04  Stalker x2  
  77  6:05  Probe (Chrono Boost)  
  77  6:09  Probe  
  79  6:11  Pylon  
  79  6:15  Sentry  
  81  6:19  Gateway  
  81  6:20  Gateway  
  81  6:21  Charge (Chrono Boost), Gateway x2  
  81  6:24  Gateway  
  81  6:25  Pylon  
  81  6:32  Probe x3  
  84  6:34  Warp Prism  
  84  6:39  Pylon  
  86  6:44  Zealot, Sentry  
  86  6:45  Zealot  
  92  6:53  Pylon  
  92  6:55  Pylon x2  
  92  6:57  Pylon  
  92  7:01  Robotics Bay  
  92  7:05  Zealot x2  
  96  7:12  Shield Battery  
  96  7:14  Zealot x3  
  102  7:15  Immortal (Chrono Boost), Observer  
  102  7:16  Pylon  
  106  7:24  Zealot  
  106  7:25  Zealot x2  
  106  7:26  Zealot  
  106  7:27  Sentry  
  116  7:33  Forge  
  116  7:47  Zealot x3  
  116  7:48  Zealot x4  
  130  7:51  Colossus (Chrono Boost)  
  136  8:06  Zealot  
  136  8:11  Zealot x6  
  138  8:18  Zealot  
  132  8:32  Zealot x6  
  116  8:46  Zealot x2  
Show
View Real Time Build Order
Export as new Build Order

Oliveira Terran - Winner!

Build Orders: Gas First Reaper Expand, Liberator Opening 

Get SALT Encoding   

  12  0:00  SCV  
  13  0:12  SCV  
  14  0:17  Supply Depot  
  14  0:24  SCV  
  14  0:27  Refinery  
  15  0:38  SCV  
  16  0:44  Barracks  
  16  0:50  SCV  
  17  1:03  SCV  
  18  1:15  SCV  
  19  1:31  Orbital Command, Reaper  
  20  1:42  Command Center  
  20  1:53  Factory  
  20  1:57  SCV  
  21  2:06  Barracks Reactor, Refinery  
  21  2:09  SCV  
  21  2:14  Supply Depot  
  22  2:21  SCV  
  23  2:36  SCV  
  26  2:37  Hellion  
  26  2:38  Starport  
  26  2:43  Marine x2  
  28  2:48  SCV  
  29  2:55  Orbital Command  
  29  3:01  Marine x2  
  29  3:02  Orbital Command  
  29  3:03  Factory Tech Lab  
  29  3:05  SCV  
  30  3:18  SCV  
  30  3:19  Marine  
  31  3:20  Marine  
  31  3:22  Cyclone  
  36  3:27  SCV  
  36  3:30  SCV  
  38  3:36  Liberator  
  38  3:39  Supply Depot  
  41  3:43  Marine x2  
  41  3:46  SCV  
  43  3:54  Cyclone  
  45  3:58  SCV  
  45  4:02  Supply Depot  
  46  4:03  Marine  
  46  4:07  Marine  
  46  4:08  SCV  
  49  4:14  SCV  
  50  4:20  SCV  
  50  4:21  Marine  
  54  4:26  SCV  
  54  4:29  Starport Tech Lab  
  53  4:31  Marine  
  53  4:32  Barracks, SCV  
  55  4:39  Siege Tank  
  55  4:41  SCV  
  59  4:46  Supply Depot  
  59  4:49  SCV  
  59  4:50  Marine  
  59  4:51  Marine  
  59  5:04  SCV  
  59  5:06  SCV  
  56  5:07  Marine  
  56  5:08  Marine  
  56  5:14  Siege Tank  
  60  5:16  SCV  
  60  5:17  Engineering Bay  
  60  5:19  SCV  
  62  5:30  Marine, SCV  
  62  5:33  SCV  
  62  5:37  Refinery  
  62  5:38  Marine  
  62  5:39  Barracks  
  62  5:42  SCV  
  64  5:45  SCV  
  64  5:49  Siege Tank, Terran Infantry Weapons Level 1  
  64  5:51  Marine, Stimpack  
  64  5:54  SCV  
  64  5:56  Marine  
  64  5:57  Barracks x2, SCV, Starport Reactor  
  65  6:05  Supply Depot  
  65  6:06  SCV  
  65  6:09  Marine, SCV  
  68  6:11  Refinery  
  68  6:15  Marauder  
  68  6:18  SCV  
  68  6:21  SCV  
  69  6:26  Marine  
  69  6:30  SCV  
  69  6:31  Factory Reactor  
  71  6:33  SCV  
  71  6:35  Command Center  
  71  6:36  Marauder  
  71  6:37  Marine, Supply Depot  
  75  6:41  Combat Shield, Marauder  
  75  6:44  Marine, Barracks Reactor  
  75  6:45  Barracks Tech Lab  
  78  6:53  Supply Depot  
  78  6:58  SCV x2  
  78  6:59  Marauder, Supply Depot  
  82  7:01  Marine  
  82  7:02  Marine, Marauder  
  86  7:09  Supply Depot  
  86  7:11  Concussive Shells  
  86  7:15  Marauder, Medivac, Widow Mine x2  
  94  7:20  Medivac  
  96  7:23  Marine x3  
  96  7:24  Marine  
  96  7:25  Missile Turret  
  96  7:29  Marauder  
  102  7:30  Supply Depot  
  102  7:32  Marauder  
  102  7:37  Widow Mine x2  
  107  7:38  Marauder  
  107  7:40  SCV  
  110  7:47  Marine x4  
  114  7:52  Marine, Supply Depot  
  115  7:58  Marine  
  115  8:00  Marauder  
  99  8:14  Marine x2  
  99  8:15  Marauder  
  99  8:18  Marine  
  99  8:19  Marauder  
  97  8:32  SCV  
  100  8:34  SCV  

Tags
 
Add a new tag
Caveats
  • Supply blocks, unpowered buildings, or Contaminate may cause inaccurate times.
  • Supply counts are checked every 10 seconds.